VOD

https://www.youtube.com/watch?v=VNJ1KIeKugk

Replay - PartinG v ShoWTimE: Game 4 - Ruins of Seras

Build Order

Get SALT Encoding   

  12  0:00  Probe (Chrono Boost)  
  13  0:11  Probe (Chrono Boost)  
  14  0:18  Pylon  
  14  0:22  Probe (Chrono Boost)  
  15  0:36  Probe (Chrono Boost)  
  15  0:39  Gateway  
  16  0:47  Probe (Chrono Boost)  
  17  0:50  Assimilator  
  17  0:57  Assimilator  
  17  0:58  Probe (Chrono Boost)  
  18  1:08  Probe (Chrono Boost)  
  19  1:11  Gateway  
  19  1:19  Probe (Chrono Boost)  
  20  1:27  Cybernetics Core  
  20  1:29  Probe (Chrono Boost)  
  22  1:40  Probe (Chrono Boost)  
  22  1:44  Pylon  Proxy
  22  1:50  Probe (Chrono Boost)  
  23  2:04  Warp Gate (Chrono Boost), Stalker x2  
  27  2:16  Robotics Facility  
  27  2:34  Stalker x2  
  31  2:43  Gateway  
  31  2:51  Pylon  
  31  3:09  Immortal (Chrono Boost)  important time, CRONO
  34  3:22  Gateway  
  34  3:46  Immortal (Chrono Boost), Pylon  
  36  4:03  Stalker  
  34  4:10  Stalker  
  34  4:11  Stalker  
  38  4:26  Stalker  
  38  4:30  Immortal (Chrono Boost)  
  44  4:39  Stalker  
  44  4:44  Pylon  
  44  4:56  Stalker  
  32  5:21  Stalker x3  
  36  5:23  Stalker  
  38  5:47  Stalker  
  38  5:48  Stalker  
  42  5:51  Stalker  
  42  5:55  Zealot  
Spawning Tool Build Advisor. Get it on Overwolf

Go to:

Details

  • Created by: costta
  • Published on: Feb 04, 2016
  • Modified on: Feb 04, 2016
  • Patch: Pre-3.8.0
Show
View Real Time Build Order
Export as new Build Order

Comments (0)

There are no comments. Be the first!

Create an account to comment!